AoeStats
← ToileTh

Arena

509470939Analyzed
4v4 RM · 4d ago on Sep 26, 2026· 63m 17s· 8 players
Game mode
Random Map
Map size
Large (8 player)
Population
200
Speed
Normal
Resources
Standard
Victory
Conquest
Starting age
Dark Age
Ending age
Imperial Age
RankedLock teamsTeams togetherTeam positionsShared explorationLock speedFull tech treeHidden civsTurbo modeCheats
Victory
Defeat
🇮🇳 Mongols · India
1453
+15
🇹🇼 Celts · Taiwan
1428
+16
🇮🇳 Magyars · India
1289
+21
🇫🇷 Italians · France
1259
+22
🇩🇪 Saxons · Germany
1461
-20
🇵🇹 Tupi · Portugal
1418
-19
🇩🇪 Dravidians · Germany
1412
-19
🇫🇷 Persians · France
1357
-16
ToileTh
10:11 Feudal Age
13:57 Castle Age
12:14 Double-Bit Axe
14:55 Bow Saw
20:21 Horse Collar
21:37 Heavy Plow
21:38 Stone Mining
21:57 Loom
22:59 Stone Shaft Mining
24:28 Wheelbarrow
27:41 Imperial Age
25:39 Hand Cart
25:40 Scale Barding Armor
26:45 Chain Barding Armor
26:37 Forging
29:03 Plate Barding Armor
29:19 Iron Casting
28:50 Gold Mining
28:22 Elite War Elephant
29:12 Husbandry
29:55 Bloodlines
31:59 Iron Casting
32:54 Conscription
32:37 Fletching
33:00 Masonry
33:23 Padded Archer Armor
33:06 Crossbowman
33:44 Bodkin Arrow
34:11 Ballistics
34:42 Leather Archer Armor
34:34 Thumb Ring
34:44 Kamandaran
36:22 Chemistry
37:16 Ring Archer Armor
37:10 Light Cavalry
40:30 Blast Furnace
40:14 Citadels
40:48 Hussar
43:44 Architecture
45:43 Caravan
Don Rats
10:03 Feudal Age
11:25 Double-Bit Axe
11:46 Horse Collar
14:14 Castle Age
12:52 Loom
16:00 Wheelbarrow
23:43 Bow Saw
27:46 Imperial Age
27:12 Padded Archer Armor
27:02 Fletching
27:39 Ballistics
29:51 Chemistry
28:48 Bodkin Arrow
29:10 Thumb Ring
28:26 Elite Elephant Archer
29:43 Leather Archer Armor
31:12 Gold Mining
31:13 Stone Mining
32:25 Two-Man Saw
31:30 Heavy Plow
32:37 Bracer
33:08 Ring Archer Armor
33:42 Hand Cart
36:43 Coinage
40:16 Fortified Wall
46:57 Caravan
47:27 Banking
47:45 Elite Skirmisher
viddie
10:28 Feudal Age
14:25 Castle Age
12:14 Double-Bit Axe
13:15 Town Watch
14:17 Loom
15:13 Wheelbarrow
20:46 Town Watch
26:44 Fletching
39:05 Hand Cart
41:32 Squires
41:48 Horse Collar
41:59 Gold Mining
42:20 Bow Saw
42:36 Scale Mail Armor
42:47 Forging
42:57 Heavy Plow
42:48 Stone Mining
44:08 Chain Mail Armor
44:50 Iron Casting
49:02 Imperial Age
48:47 Gold Shaft Mining
48:28 Pikeman
50:00 Caravan
52:45 Plate Mail Armor
52:51 Bodkin Arrow
52:50 Shield Wall
57:26 Caravan
BARAKA wins!
12:13 Feudal Age
13:22 Loom
13:28 Double-Bit Axe
13:24 Horse Collar
13:40 Gold Mining
16:05 Castle Age
20:38 Wheelbarrow
20:55 Fletching
22:12 Bow Saw
23:03 Padded Archer Armor
24:36 Leather Archer Armor
26:12 Heavy Plow
27:14 Stone Mining
28:06 Gold Shaft Mining
28:16 Bodkin Arrow
32:36 Hand Cart
36:43 Imperial Age
35:49 Ballistics
36:16 Treadmill Crane
37:36 Bracer
38:04 Conscription
37:09 Elite Blackwood Archer
38:42 Conscription
39:41 Two-Man Saw
39:44 Chemistry
38:48 Scale Mail Armor
40:15 Curare
41:55 Hoardings
41:15 Champi Runner
41:15 Pikeman
41:56 Squires
42:20 Chain Mail Armor
44:52 Champi Warrior
46:24 Plate Mail Armor
46:27 Ring Archer Armor
47:00 Plate Mail Armor
46:41 Forging
45:55 Elite Champi Warrior
50:54 Caciques
55:47 Iron Casting
JINJIN
10:24 Feudal Age
10:19 Loom
14:13 Castle Age
12:12 Double-Bit Axe
14:29 Gold Mining
29:23 Ballistics
34:08 Horse Collar
36:32 Gold Shaft Mining
36:49 Wheelbarrow
40:03 Imperial Age
38:33 Hand Cart
38:38 Heavy Plow
38:50 Bow Saw
39:20 Fortified Wall
39:45 Masonry
40:10 Heavy Scorpion
40:13 Capped Ram
41:50 Furor Celtica
41:07 Siege Ram
42:26 Siege Engineers
43:45 Onager
48:01 Pikeman
55:34 Caravan
58:11 Chemistry
60:51 Halberdier
61:42 Forging
61:33 Scale Mail Armor
NUR
10:06 Feudal Age
13:45 Castle Age
12:06 Double-Bit Axe
12:34 Horse Collar
14:39 Wheelbarrow
15:10 Bow Saw
20:15 Heavy Plow
23:03 Stone Mining
23:41 Gold Mining
26:32 Bloodlines
26:56 Fletching
28:11 Thumb Ring
28:07 Husbandry
28:12 Padded Archer Armor
28:42 Loom
29:12 Hand Cart
28:54 Town Watch
31:59 Gold Shaft Mining
34:42 Imperial Age
32:09 Bodkin Arrow
32:26 Masonry
32:12 Murder Holes
32:00 Light Cavalry
33:14 Leather Archer Armor
34:08 Ballistics
34:27 Scale Barding Armor
34:32 Forging
35:46 Conscription
35:17 Heavy Camel Rider
35:26 Elite Mangudai
36:43 Hoardings
36:14 Bracer
37:51 Iron Casting
37:36 Chain Barding Armor
40:09 Blast Furnace
39:31 Chain Barding Armor
39:19 Siege Engineers
40:23 Chemistry
40:45 Coinage
40:11 Hussar
41:30 Parthian Tactics
41:39 Drill
41:09 Capped Ram
43:33 Siege Ram
46:23 Banking
61:10 Caravan
61:54 Nomads
64:04 Stone Shaft Mining
VedtheAssasin
11:24 Feudal Age
15:00 Castle Age
13:03 Double-Bit Axe
13:00 Horse Collar
15:16 Light Cavalry
17:21 Bow Saw
18:00 Bloodlines
18:16 Loom
24:59 Scale Barding Armor
25:54 Gold Mining
27:40 Chain Barding Armor
29:33 Husbandry
32:41 Wheelbarrow
33:40 Stone Mining
34:26 Gold Shaft Mining
34:43 Town Watch
35:16 Hand Cart
37:32 Imperial Age
35:12 Fletching
35:22 Padded Archer Armor
35:44 Ballistics
35:09 Light Cavalry
35:40 Pikeman
36:52 Heavy Plow
37:24 Bodkin Arrow
37:44 Leather Archer Armor
37:30 Scale Mail Armor
37:24 Arson
38:08 Elite Skirmisher
39:33 Bracer
40:03 Ring Archer Armor
40:35 Chemistry
39:04 Halberdier
40:20 Thumb Ring
42:22 Hussar
44:28 Corvinian Army
44:33 Recurve Bow
44:53 Conscription
45:59 Plate Barding Armor
49:38 Hoardings
51:33 Masonry
53:16 Coinage
53:45 Parthian Tactics
53:54 Heavy Cavalry Archer
57:27 Treadmill Crane
57:52 Siege Engineers
58:40 Banking
61:58 Chain Mail Armor
61:40 Murder Holes
61:18 Sappers
olDirty
10:22 Feudal Age
11:35 Double-Bit Axe
14:23 Castle Age
13:14 Horse Collar
13:29 Loom
15:30 Bow Saw
15:21 Heavy Plow
21:33 Wheelbarrow
23:26 Hand Cart
26:54 Imperial Age
25:19 Fletching
26:55 Bodkin Arrow
27:47 Padded Archer Armor
29:50 Chemistry
29:11 Ballistics
29:10 Leather Archer Armor
28:55 Bracer
30:45 Ring Archer Armor
30:45 Stone Mining
30:45 Gold Mining
31:15 Thumb Ring
30:45 Elite Skirmisher
35:25 Two-Man Saw
34:58 Crop Rotation
35:43 Conscription
37:02 Conscription
37:37 Fervor
38:35 Elite Genoese Crossbowman
46:14 Light Cavalry
47:04 Bloodlines
46:55 Husbandry
49:29 Scale Barding Armor
49:35 Forging
52:26 Hussar
55:12 Chain Barding Armor
55:28 Iron Casting
55:55 Town Watch
58:18 Guilds
63:29 Plate Barding Armor
Connection lost

Rejoining the realm…

Still unreachable

The connection could not be restored.

Session expired

The server has moved on; the page needs a fresh start.